 Dungeon Crawl Stone Soup version 0.30.0 (webtiles) character file.

Game seed: 2379874804997061369

7676 alexhoolio the Spear-Bearer (level 11, -8/64 HPs)
             Began as a Gargoyle Fighter on June 4, 2023.
             Was a Believer of Vehumet.
             Mangled by a centaur warrior
             ... wielding the +9 rapier "Gytaets" {vamp, rF+}
              (11 damage)
             ... on level 8 of the Dungeon.
             The game lasted 00:36:07 (8600 turns).

alexhoolio the Spear-Bearer (Gargoyle Fighter)      Turns: 8600, Time: 00:36:08

Health: -8/64      AC: 22    Str: 22    XL:     11   Next: 19%
Magic:  20/20      EV:  9    Int: 11    God:    Vehumet [**....]
Gold:   498        SH:  9    Dex:  9    Spells: 4/10 levels left

rFire   . . .        d - +2 trident (venom)
rCold   . . .        c - +0 buckler
rNeg    + . .        b - +3 scale mail
rPois   ∞            (no helmet)
rElec   +            M - +2 cloak
rCorr   .            C - +0 pair of gloves
SInv    .            (no boots)
Will    +....        u - amulet of reflection Stlth
                     k - ring of magical power
HPRegen 0.30/turn    D - ring of willpower
MPRegen 0.17/turn

%: reflection
@: hasted, very quick
A: sickness immunity, AC +8, negative energy resistance 1, electricity
resistance, torment resistance 1, petrification resistance
a: Renounce Religion


You were on level 8 of the Dungeon.
You worshipped Vehumet.
Vehumet was pleased with you.
You visited 2 branches of the dungeon, and saw 9 of its levels.

You collected 498 gold pieces.

Inventory:

Hand Weapons
 d - a +2 trident of venom (weapon)
 w - a +0 sling
Missiles
 a - 3 boomerangs
 f - 17 poisoned darts (quivered)
 J - a throwing net
Armour
 b - a +3 scale mail (worn)
 c - a +0 buckler (worn)
 C - a +0 pair of gloves (worn)
 M - a +2 cloak (worn)
 N - +0 steam dragon scales
Magical Staves
 x - a staff of conjuration
 y - a staff of fire
 E - a staff of poison
Jewellery
 k - a ring of magical power (left hand)
 u - an amulet of reflection (around neck)
 D - a ring of willpower (right hand)
 I - an amulet of magic regeneration
 L - a +6 ring of strength
 Q - a ring of ice
Wands
 z - a wand of paralysis (6)
 H - a wand of light (6)
Scrolls
 e - 8 scrolls of identify {unknown}
 h - a scroll of immolation {unknown}
 j - 4 scrolls of teleportation {unknown}
 l - 4 scrolls of amnesia {unknown}
 m - a scroll of fog {unknown}
 o - 3 scrolls of fear {unknown}
 p - a scroll of torment {unknown}
 t - a scroll of enchant weapon {unknown}
 v - 3 scrolls of vulnerability {unknown}
 A - 3 scrolls of noise {unknown}
 F - 3 scrolls of brand weapon {unknown}
 G - a scroll of summoning {unknown}
 K - 2 scrolls of poison {unknown}
Potions
 g - 2 potions of lignification
 i - 2 potions of haste
 n - 3 potions of flight {unknown}
 q - 3 potions of heal wounds {unknown}
 r - 6 potions of curing {unknown}
 s - 3 potions of brilliance {unknown}
 B - 2 potions of berserk rage {unknown}
 O - 2 potions of invisibility {unknown}
 P - a potion of cancellation {unknown}
Miscellaneous
 R - a phial of floods


   Skills:
 * Level 5.8 Fighting
 - Level 14.0 Polearms
 + Level 4.6 Armour
 + Level 4.6 Shields
 + Level 3.0 Conjurations
 + Level 3.3 Earth Magic


You had 4 spell levels left.
You knew the following spells:

 Your Spells              Type           Power      Damage    Failure   Level
a - Stone Arrow           Conj/Erth      12%        3d7       65%         3
b - Passwall              Tmut/Erth      2%         N/A       63%         2
c - Sandblast             Erth           14%        2d6       26%         1

Your spell library contained the following spells:

 Spells                   Type           Power      Damage    Failure   Level
 Kiss of Death            Conj/Necr      12%        2d6       50%         1
 Momentum Strike          Conj/Tloc      6%         3d8       65%         2
 Blink                    Tloc           0%         N/A       85%         2
 Lesser Beckoning         Tloc           0%         N/A       85%         2
 Hailstorm                Conj/Ice       3%         3d3       86%         3
 Gell's Gravitas          Tloc           0%         N/A       97%         3
 Teleport Other           Tloc           0%         N/A       97%         3
 Ice Form                 Ice/Tmut       0%         N/A       100%        4
 Summon Forest            Summ/Tloc      0%         N/A       100%        5
 Summon Mana Viper        Hex/Summ       0%         N/A       100%        5
 Simulacrum               Ice/Necr       0%         N/A       100%        6
 Summon Cactus Giant      Summ           0%         N/A       100%        6


Dungeon Overview and Level Annotations

Branches:
Dungeon (8/15)             Temple (1/1) D:6            Lair (0/5) D:8

Altars:
Ashenzari
Cheibriados
Dithmenos
Elyvilon
Fedhas
Gozag
Hepliaklqana
Kikubaaqudgha
Makhleb
Nemelex Xobeh
Okawaru
Qazlal
Ru
Trog
Uskayaw
Vehumet
Wu Jian
Xom
Yredelemnul
Zin
The Shining One

Shops:
D:1 *   D:4 =


Innate Abilities, Weirdness & Mutations

You are immune to sickness and miasma.
Your stone body is resilient. (AC +8)
You are immune to poison.
You resist negative energy. (rN+)
You are resistant to electric shocks. (rElec)
You are resistant to unholy torment.
You are immune to petrification.


Message History

You puncture the centaur warrior!
The centaur warrior looks as sick as possible!
The centaur warrior is heavily wounded.
You puncture the centaur warrior!
The centaur warrior looks as sick as possible!
The centaur warrior is severely wounded.
The centaur warrior hits you but does no damage.
The centaur warrior kicks you.
* * * LOW HITPOINT WARNING * * *
The centaur warrior blocks your attack.
The centaur warrior is severely wounded.
The centaur warrior hits you with the +9 rapier "Gytaets" {vamp, rF+}.
* * * LOW HITPOINT WARNING * * *
The centaur warrior kicks you but does no damage.
The centaur warrior blocks your attack.
The centaur warrior is severely wounded.
You puncture the centaur warrior!
The centaur warrior is almost dead.
The centaur warrior barely misses you.
The centaur warrior kicks you but does no damage.
The centaur warrior blocks your attack.
The centaur warrior is almost dead.
The centaur warrior hits you with the +9 rapier "Gytaets" {vamp, rF+}.
* * * LOW HITPOINT WARNING * * *
The centaur warrior completely misses you.
The centaur warrior blocks your attack.
The centaur warrior is almost dead.
The centaur warrior blocks your attack.
The centaur warrior is almost dead.
You block the centaur warrior's attack.
The centaur warrior kicks you but does no damage.
You barely miss the centaur warrior.
The centaur warrior is almost dead.
You block the centaur warrior's attack. x2
The centaur warrior blocks your attack.
The centaur warrior is almost dead.
The centaur warrior blocks your attack.
The centaur warrior is almost dead.
The centaur warrior hits you with the +9 rapier "Gytaets" {vamp, rF+}!
You die...

######................
##.....................
##...###################
#...#.#.#..#..##. #.....
#.#.#..#.#.#.###.##.###.
#.#.###.#.#..##...###...
#.#..#.##.##.##...##[...
#.#..###c#..## ##[.##..#
#.....#@#.#.# #...##..#
##.#..###c.## ##.#####..
#.##..#[######..#.)##..
#..##.##.##.#.)##...##.
#####.##..#.#..........†#)
#......#..##.###########)#
###.####.##.##..# #..#
#...# #.##).##T# ###.##
#.###
#......##c...T.#..##.


You could see a centaur warrior (extremely poisoned, reflecting).

Vanquished Creatures
  A boulder beetle (D:8)
  3 centaur warriors (D:8)
  A two-headed ogre (D:8)
  4 polar bears (D:8)
  A troll (D:8)
  Grinder (D:3)
  2 yaks (D:8)
  Eustachio (D:5)
  A wyvern (D:8)
  A steam dragon (D:8)
  Edmund (D:5)
  An orc warrior (D:6)
  3 ice beasts
  A sky beast (D:5)
  2 wolves (D:8)
  2 centaurs
  2 kobold brigands (D:8)
  3 bullfrogs
  A gnoll sergeant (D:8)
  5 scorpions
  6 wights
  2 howler monkeys
  An electric eel (D:8)
  A wyvern simulacrum (D:8)
  2 jellies
  2 orc priests
  3 hounds
  A gnoll bouda (D:6)
  2 sleepcaps
  Jessica (D:2)
  Terence (D:3)
  2 iguanas
  An orc wizard (D:8)
  2 centaur simulacra (D:8)
  A killer bee simulacrum (D:8)
  7 adders
  13 gnolls
  A shadow imp (D:5)
  5 white imps
  3 ufetubi
  2 worms
  4 dart slugs
  17 orcs
  8 ball pythons
  7 bats
  14 endoplasms
  3 giant cockroaches
  7 goblins
  8 hobgoblins
  7 jackals
  2 quokkas (D:2)
  3 frilled lizards
  13 kobolds
  3 rats
192 creatures vanquished.

Notes
Turn   | Place    | Note
-------+----------+-------------------------------------------
     0 | D:1      | alexhoolio the Gargoyle Fighter began the quest for the
                  | Orb.
     0 | D:1      | Reached XP level 1. HP: 14/14 MP: 1/1
    47 | D:1      | Reached skill level 2 in Polearms
    76 | D:1      | Found Ojos's General Store.
   103 | D:1      | Reached XP level 2. HP: 14/19 MP: 2/2
   271 | D:1      | Reached skill level 3 in Polearms
   271 | D:1      | Reached XP level 3. HP: 23/23 MP: 3/3
   904 | D:2      | Reached XP level 4. HP: 28/28 MP: 4/4
  1001 | D:2      | Reached skill level 4 in Polearms
  1058 | D:2      | Noticed Jessica
  1077 | D:2      | Killed Jessica
  1148 | D:2      | You fall into a shaft and drop 1 floor!
  1344 | D:2      | Reached XP level 5. HP: 32/32 MP: 5/5
  1657 | D:3      | Noticed Terence
  1669 | D:3      | Killed Terence
  1729 | D:3      | Reached skill level 5 in Polearms
  1982 | D:3      | Found an ornate altar of the Wu Jian Council.
  2320 | D:3      | Noticed Grinder
  2324 | D:3      | Paralysed by Grinder for 5 turns
  2339 | D:3      | Paralysed by Grinder for 4 turns
  2344 | D:3      | Paralysed by Grinder for 4 turns
  2365 | D:3      | Paralysed by Grinder for 5 turns
  2375 | D:3      | Killed Grinder
  2376 | D:3      | Reached skill level 6 in Polearms
  2376 | D:3      | Reached XP level 6. HP: 7/37 MP: 6/6
  2831 | D:4      | Reached XP level 7. HP: 41/41 MP: 7/7
  2930 | D:4      | Reached skill level 7 in Polearms
  3009 | D:4      | Found Jar Lyry's Jewellery Emporium.
  3299 | D:5      | Entered Level 5 of the Dungeon
  3299 | D:5      | Noticed Edmund
  3336 | D:5      | Killed Edmund
  3528 | D:5      | Found a stormy altar of Qazlal.
  3571 | D:5      | Reached skill level 8 in Polearms
  3721 | D:5      | Noticed Eustachio
  3737 | D:5      | Killed Eustachio
  3738 | D:5      | Reached XP level 8. HP: 46/46 MP: 8/8
  3750 | D:5      | Found a hazy altar of Hepliaklqana.
  4161 | D:6      | Reached skill level 9 in Polearms
  4205 | D:6      | Found a burning altar of Makhleb.
  4499 | D:6      | Learned a level 3 spell: Stone Arrow
  4504 | D:6      | Learned a level 2 spell: Passwall
  4506 | D:6      | Learned a level 1 spell: Sandblast
  4708 | D:6      | Found a glowing silver altar of Zin.
  4823 | D:6      | Reached skill level 10 in Polearms
  4867 | D:6      | Found a staircase to the Ecumenical Temple.
  4876 | Temple   | Entered the Ecumenical Temple
  5307 | Temple   | Became a worshipper of Vehumet
  6021 | D:7      | Reached XP level 9. HP: 34/51 MP: 9/9
  6331 | D:7      | Reached skill level 11 in Polearms
  7030 | D:8      | Noticed a polar bear
  7061 | D:8      | Killed a polar bear
  7062 | D:8      | Reached skill level 12 in Polearms
  7168 | D:8      | Found a staircase to the Lair.
  7176 | D:8      | Reached * piety under Vehumet
  7176 | D:8      | Offered knowledge of Shock by Vehumet.
  7384 | D:8      | Noticed a polar bear
  7391 | D:8      | Reached XP level 10. HP: 56/56 MP: 10/10
  7412 | D:8      | Reached skill level 13 in Polearms
  7810 | D:8      | Noticed a two-headed ogre
  7811 | D:8      | Noticed a centaur warrior
  7813 | D:8      | Noticed a centaur warrior
  7820 | D:8      | Killed a two-headed ogre
  7830 | D:8      | Killed a centaur warrior
  7831 | D:8      | Reached skill level 14 in Polearms
  7843 | D:8      | Killed a centaur warrior
  7844 | D:8      | Reached skill level 1 in Conjurations
  7844 | D:8      | Reached skill level 1 in Earth Magic
  7945 | D:8      | Noticed a centaur warrior
  7955 | D:8      | Killed a centaur warrior
  8040 | D:8      | Noticed a boulder beetle
  8059 | D:8      | Killed a boulder beetle
  8060 | D:8      | Reached skill level 5 in Fighting
  8060 | D:8      | Reached XP level 11. HP: 51/64 MP: 11/11
  8180 | D:8      | Identified the +7 flail "Uxkadghecoe" {heavy, rElec rN+
                  | Will+ Str+2}
  8228 | D:8      | Offered knowledge of Kiss of Death by Vehumet.
  8249 | D:8      | Reached ** piety under Vehumet
  8551 | D:8      | Identified the +9 rapier "Gytaets" {vamp, rF+}
  8551 | D:8      | Noticed a centaur warrior
  8595 | D:8      | HP: 3/64 [centaur warrior/the +9 rapier "Gytaets" {vamp,
                  | rF+} (3)]
  8600 | D:8      | Mangled by a centaur warrior

Illustrated notes

Levels and vault maps discovered:
D:1:      eino_arrival_cavern_b, layout_loops_ring, serial_shops, shop_statue
D:2:      layout_basic, nrook_campfire, st_stairs_5, hangedman_decor_opposing,
          kennysheep_jessica_study
D:3:      layout_loops_corners, mainiacjoe_overflow_alcove_4,
          minmay_splitting_lines, uniq_grinder, uniq_terence
D:4:      layout_gridville, serial_shops, nicolae_shop_gaudy_bauble,
          minmay_misc_feat_pillars
D:5:      layout_basic, general_overflow_altar,
          nicolae_qazlal_beasts_of_the_sky, uniq_edmund, uniq_eustachio
D:6:      layout_basic, amcnicky_altar_gilded,
          mainiacjoe_overflow_six_doors_small, lemuel_temple_firewalk_b,
          kennysheep_nondescript
D:7:      layout_loops_ring
D:8:      minmay_the_grid_triangle_9x9_recursive_2
          [minmay_the_grid_triangle_9x9_prize_schism,
          minmay_the_grid_triangle_9x9_corruption,
          minmay_the_grid_triangle_9x9_dagger,
          minmay_the_grid_triangle_9x9_intruding_spiral], layout_rooms,
          kennysheep_orc_sif_temple, serial_ice, serial_ice_d, serial_ice_i,
          serial_ice_o, serial_ice_n, serial_ice_b, serial_ice_e, serial_ice_h,
          serial_ice_c, minivault_21
Temple:   compressed_dpeg_triangle_lava_temple

Skill      XL: |  1  2  3  4  5  6  7  8  9 10 11 |
---------------+----------------------------------+-----
Polearms       | 2 3 4 6 8 10 12 14 | 14.0
Fighting       | 5 |  5.8
Conjurations   | 2 3 |  3.0
Earth Magic    | 3 |  3.3
Armour         | 4 |  4.6
Shields        | 4 |  4.6

Action                     |  1- 3 |  4- 6 |  7- 9 | 10-12 || total
---------------------------+-------+-------+-------+-------++-------
  Melee: Trident           |   108 |   188 |   375 |   206 ||   877
  Throw: Dart              |       |       |       |     7 ||     7
    Use: Potion            |       |     3 |     2 |     1 ||     6
   Stab: Distracted        |       |       |       |     1 ||     1
 Armour: Scale mail        |    48 |    77 |   130 |    88 ||   343
         Plate armour      |       |     3 |       |       ||     3
         Skin              |       |     3 |       |       ||     3
  Dodge: Dodged            |    33 |    50 |    78 |    59 ||   220
  Block: Buckler           |    18 |    56 |    95 |    74 ||   243
         Reflection        |       |     4 |     6 |     2 ||    12
